 Dungeon Crawl Stone Soup version 0.25.1-8-g42b30a86e7 (webtiles) character file.

Game seed: 5024742950029990681

77 hehateme the Cudgeler (level 4, -1/29 HPs)
             Began as a Gargoyle Monk on Dec 3, 2020.
             Slain by a gnoll
             ... wielding a +0 spear
              (5 damage)
             ... on level 1 of the Dungeon.
             The game lasted 00:04:07 (2068 turns).

hehateme the Cudgeler (Gargoyle Monk)               Turns: 2068, Time: 00:04:08

Health: -1/29      AC:  6    Str: 15    XL:     4   Next: 34%
Magic:  4/4        EV: 12    Int: 11    God:
Gold:   85         SH:  0    Dex: 12    Spells: 3/3 levels left

rFire    . . .     SeeInvis .   a - +0 mace
rCold    . . .     Gourm    .   (no shield)
rNeg     + . .     Faith    .   d - +0 leather armour
rPois    ∞         Spirit   .   (no helmet)
rElec    +         Reflect  .   (no cloak)
rCorr    .         Harm     .   (no gloves)
MR       .....                  (no boots)
Stlth    ++........             (no amulet)
HPRegen  0.09/turn              (no ring)
MPRegen  0.09/turn              (no ring)

@: no status effects
A: negative energy resistance 1, electricity resistance, unbreathing,
petrification resistance, rot immunity, AC +3
a: no special abilities


You were on level 1 of the Dungeon.
You were not hungry.

You visited 1 branch of the dungeon, and saw 2 of its levels.

You collected 85 gold pieces.

Inventory:

Hand Weapons
 a - a +0 mace (weapon)
 k - a +0 spear
Armour
 b - a +0 robe
 d - a +0 leather armour (worn)
Scrolls
 f - 2 scrolls of amnesia {unknown}
 g - a scroll of identify {unknown}
 i - 2 scrolls of teleportation {unknown}
 l - a scroll of blinking {unknown}
Potions
 e - a potion of flight {unknown}
 h - a potion of curing {unknown}
 j - a potion of brilliance {unknown}
Comestibles
 c - 5 rations
 m - 5 chunks of flesh


   Skills:
 + Level 4.0 Fighting
 * Level 4.1 Maces & Flails
 + Level 1.8 Armour
 - Level 2.4 Dodging
 - Level 2.1 Stealth


You had 3 spell levels left.
You didn't know any spells.
Your spell library was empty.

Dungeon Overview and Level Annotations

Branches:
Dungeon (2/15)

Altars:


Innate Abilities, Weirdness & Mutations

You are resistant to torment.
Your stone body is resilient. (AC +3)
You are immune to poison.
You resist negative energy. (rN+)
You are resistant to electric shocks. (rElec)
You can survive without breathing.
You are immune to petrification.
You are immune to rotting.


Message History

You completely miss the gnoll.
The gnoll is moderately wounded.
The gnoll hits you but does no damage.
You closely miss the gnoll.
The gnoll is moderately wounded.
The gnoll closely misses you.
You hit the gnoll but do no damage.
The gnoll is moderately wounded.
The gnoll hits you with a +0 spear. x2
You barely miss the gnoll.
The gnoll is moderately wounded.
The gnoll hits you with a +0 spear.
* * * LOW HITPOINT WARNING * * *
You hit the gnoll but do no damage.
The gnoll is moderately wounded.
The gnoll barely misses you.
You hit the gnoll.
The gnoll is moderately wounded.
The gnoll hits you with a +0 spear.
You die...

########.#.#.....#.###........#
#.)......#.##...##............#
..#####..#..#...#..###........#
#.....#.....#...#.## #.##...###
...##.#.....##.##.# #.##...#
...##.####...#.#..# #.##...#
...#.........#.#.## #.##...#
...#...#####.#.#g# #.######
................@# #.#
####...##.....########.#
####................#
#.#.....########## #.#.....#
#.#.....# #.#.....# #.#######
#.#


You could see a gnoll.

Vanquished Creatures
  2 gnolls (D:2)
  2 adders (D:2)
  A worm (D:2)
  3 dart slugs
  2 leopard geckos
  A giant cockroach (D:2)
  A goblin (D:2)
  3 hobgoblins
  5 bats
  6 frilled lizards
  5 kobolds
  4 rats (D:1)
35 creatures vanquished.

Notes
Turn   | Place    | Note
-------+----------+-------------------------------------------
     0 | D:1      | hehateme the Gargoyle Monk began the quest for the Orb.
     0 | D:1      | Reached XP level 1. HP: 14/14 MP: 1/1
   321 | D:1      | Reached XP level 2. HP: 17/19 MP: 2/2
   887 | D:2      | Reached skill level 1 in Armour
   887 | D:2      | Reached XP level 3. HP: 18/23 MP: 3/3
  1850 | D:2      | Reached XP level 4. HP: 20/29 MP: 4/4
  2068 | D:1      | Slain by a gnoll

Illustrated notes

Levels and vault maps discovered:
D:1:      dpeg_arrival_rhombus, layout_basic
D:2:      layout_rooms, first_ration, uniq_sigmund

Skill      XL: |  1  2  3  4 |
---------------+-------------+-----
Armour         | 1 |  1.8
Maces & Flails | 4 |  4.1
Fighting       | 4 |  4.0
Dodging        | |  2.4
Stealth        | |  2.1

Action                   |  1- 3 |  4- 6 || total
-------------------------+-------+-------++-------
Melee: Mace              |   120 |    19 ||   139
 Stab: Sleeping          |     4 |       ||     4
  Eat: Chunk             |     2 |     2 ||     4
Armor: Robe              |     8 |       ||     8
       Leather armour    |    52 |     6 ||    58
Dodge: Dodged            |   112 |    20 ||   132
